 Dungeon Crawl Stone Soup version 0.23-a0-143-g1adec7b (webtiles) character file.

96 mopl the Poker (level 4, 0/35 HPs)
             Began as a Merfolk Abyssal Knight on Sept 4, 2018.
             Was a Follower of Lugonu.
             Slain by a goblin (2 damage)
             ... led by Robin
             ... on level 2 of the Dungeon.
             The game lasted 00:02:30 (1870 turns).

mopl the Poker (Merfolk Abyssal Knight)             Turns: 1870, Time: 00:02:30

Health: 0/35       AC:  3    Str: 12    XL:     4   Next: 67%
Magic:  6/6        EV: 12    Int: 11    God:    Lugonu [*.....]
Gold:   122        SH:  0    Dex: 14    Spells: 3/3 levels left

rFire    . . .     SeeInvis .   a - +1 spear
rCold    . . .     Gourm    .   (no shield)
rNeg     . . .     Faith    .   b - +0 leather armour
rPois    .         Spirit   .   (no helmet)
rElec    .         Reflect  .   (no cloak)
rCorr    .         Harm     .   (no gloves)
MR       .....                  (no boots)
Stlth    ..........             (no amulet)
HPRegen  0.11/turn              d - ring of attention (curse)
MPRegen  0.10/turn              (no ring)

@: no status effects
A: change form in water, swift swim, stealthy swim
a: Depart the Abyss, Renounce Religion


You were on level 2 of the Dungeon.
You worshipped Lugonu.
Lugonu was aware of your devotion.
You were very hungry.

You visited 1 branch of the dungeon, and saw 2 of its levels.
You visited the Abyss 1 time.

You collected 122 gold pieces.

Inventory:

Hand Weapons
 a - a +1 spear (weapon)
Armour
 b - a +0 leather armour (worn)
Jewellery
 d - a cursed ring of attention (left hand)
Scrolls
 g - a scroll of amnesia {unknown}
 i - 4 scrolls of teleportation
 k - 3 scrolls of identify {unknown}
 n - a scroll of remove curse {unknown}
Potions
 e - a potion of brilliance {unknown}
 f - 2 potions of cancellation {unknown}
 h - a potion of invisibility {unknown}
 j - a potion of might {unknown}
 l - a potion of curing {unknown}
 m - a potion of haste {unknown}
Comestibles
 c - 8 rations


   Skills:
 - Level 3.2 Fighting
 * Level 5.9 Polearms
 - Level 0.6 Armour
 - Level 2.6 Dodging
 + Level 3.2 Invocations


You had 3 spell levels left.
You didn't know any spells.
Your spell library was empty.

Dungeon Overview and Level Annotations

Branches:
Dungeon (2/15)

Altars:


Message History

You are too injured to fight recklessly!
You are too injured to fight recklessly!
You closely miss the goblin.
The hobgoblin no longer looks unusually strong.
The goblin hits you.
* * * LOW HITPOINT WARNING * * *
The hobgoblin closely misses you.
You barely miss the goblin.
The goblin no longer looks unusually strong.
The goblin closely misses you.
You closely miss the goblin. The hobgoblin barely misses you.
A goblin comes into view. It is wielding a dagger.
The goblin closely misses you.
You closely miss the goblin. The hobgoblin barely misses you.
The goblin barely misses you.
You barely miss the goblin. You completely miss the goblin.
The hobgoblin hits you with a club.
* * * LOW HITPOINT WARNING * * *
The goblin hits you.
You die...

############# ###
#gg.)g†gg.... ..#
#g########### #.# #@#
#.# #g# #.# #.# ##.####
#.# ......# #.#
##....##########(######
#.....................#
#..##.##########.####.#
...##.##### #.# #.#


You could see a hobgoblin and 3 goblins.

Vanquished Creatures
  Natasha (twice) (D:2)
  Robin (D:2)
  2 leopard geckos (D:1)
  2 giant cockroaches
  6 goblins
  3 hobgoblins (D:2)
  3 jackals (D:1)
  2 quokkas (D:2)
  5 bats
  A frilled lizard (D:1)
  4 kobolds (D:2)
  A rat (D:1)
32 creatures vanquished.

Notes
Turn   | Place    | Note
-------+----------+-------------------------------------------
     0 | Abyss:1  | mopl the Merfolk Abyssal Knight began the quest for the
                  | Orb.
     0 | Abyss:1  | Reached XP level 1. HP: 18/18 MP: 2/2
   106 | Abyss:1  | Noticed a hell hog
   114 | Abyss:1  | Noticed a soul eater
   119 | D:1      | Escaped the Abyss
   555 | D:1      | Reached XP level 2. HP: 24/24 MP: 3/3
   673 | D:1      | Reached * piety under Lugonu
   677 | D:1      | Reached skill level 4 in Polearms
  1167 | D:2      | Reached XP level 3. HP: 21/29 MP: 4/4
  1325 | D:2      | Noticed Natasha
  1365 | D:2      | Killed Natasha
  1365 | D:2      | Reached skill level 5 in Polearms
  1437 | D:2      | Noticed Natasha
  1524 | D:2      | Killed Natasha
  1524 | D:2      | Reached skill level 3 in Invocations
  1524 | D:2      | Reached XP level 4. HP: 35/35 MP: 6/6
  1827 | D:2      | Noticed Robin
  1863 | D:2      | Killed Robin
  1870 | D:2      | Slain by a goblin

Vault maps used:
D:1:      dpeg_arrival_lava_altar, serial_bayou_pond_d, grunt_decor_arrowhead
D:2:      uniq_natasha, uniq_robin

Skill      XL: |  1  2  3 |
---------------+----------+-----
Polearms       | 4 5 |  5.9
Invocations    | 3 |  3.2
Fighting       | |  3.2
Armour         | |  0.6
Dodging        | |  2.6

Action                   |  1- 3 |  4- 6 || total
-------------------------+-------+-------++-------
Melee: Spear             |    84 |    52 ||   136
       Unarmed           |    32 |       ||    32
Invok: Depart the Abyss  |     1 |       ||     1
  Use: Scroll            |     1 |       ||     1
  Eat: Chunk             |     2 |       ||     2
Armor: Leather armour    |    10 |     8 ||    18
       Skin              |     4 |       ||     4
Dodge: Dodged            |    57 |    26 ||    83

Table legend:
 A = Non-vault XP
 B = Vault XP
 C = Vault XP percentage of total XP
 D = Non-vault monster count
 E = Vault monster count
 F = Vault count percentage of total count
                 A         B        C        D         E       F
            +---------+---------+-------+---------+---------+-------
      Total |      80 |      58 |  42.0 |      26 |       6 |  18.8
            +---------+---------+-------+---------+---------+-------
        D:1 |      24 |       0 |   0.0 |      13 |       0 |   0.0
        D:2 |      56 |      58 |  50.9 |      13 |       6 |  31.6
            +---------+---------+-------+---------+---------+-------
